 Dungeon Crawl Stone Soup version 0.31-a0-788-ga445dbd2db (webtiles) character file.

Game seed: 2400778400066055613

98 Ijustatesigmund the Firebug (level 4, 0/25 HPs)
             Began as a Deep Elf Fire Elementalist on Sept 18, 2023.
             Slain by an orc
             ... wielding a +0 hand axe
              (3 damage)
             ... on level 3 of the Dungeon.
             The game lasted 00:03:49 (2390 turns).

Ijustatesigmund the Firebug (DEFE)                  Turns: 2390, Time: 00:03:50

Health: 0/25       AC:  5    Str:  5    XL:     4   Next: 43%
Magic:  0/12       EV: 12    Int: 22    God:
Gold:   85         SH:  0    Dex: 15    Spells: 4/11 levels left

rFire   . . .        j - +0 dire flail
rCold   . . .        (shield currently unavailable)
rNeg    . . .        a - +1 robe
rPois   .            i - +0 helmet
rElec   .            k - +0 cloak
rCorr   .            (no gloves)
SInv    .            (no boots)
Will    .....        (no amulet)
Stlth   ++           g - ring of flight
HPRegen 0.24/turn    (no ring)
MPRegen 0.13/turn

%: no passive effects
@: flying
A: no striking features
a: no special abilities


You were on level 3 of the Dungeon.
You visited 1 branch of the dungeon, and saw 3 of its levels.

You collected 85 gold pieces.

Inventory:

Hand Weapons
 j - a +0 dire flail (weapon)
Armour
 a - a +1 robe (worn)
 i - a +0 helmet (worn)
 k - a +0 cloak (worn)
Jewellery
 g - a ring of flight (left hand)
Scrolls
 c - a scroll of teleportation
Potions
 d - a potion of curing
 e - a potion of enlightenment
 f - 2 potions of resistance


   Skills:
 + Level 1.5 Fighting
 - Level 2.4 Dodging
 - Level 2.4 Stealth
 + Level 4.0 Spellcasting
 + Level 2.4 Conjurations
 + Level 4.1 Fire Magic


You had 4 spell levels left.
You knew the following spells:

 Your Spells              Type           Power      Damage    Failure   Level
a - Foxfire               Conj/Fire      72%        2x1d7     3%          1
b - Scorch                Fire           44%        2d6       3%          2
c - Flame Wave            Conj/Fire      18%        2d7       28%         4

Your spell library contained the following spells:

 Spells                   Type           Power      Damage    Failure   Level
 Shock                    Conj/Air       36%        1d5       7%          1
 Freeze                   Ice            16%        1d4       11%         1
 Slow                     Hex            16%        N/A       11%         1
 Inner Flame              Hex/Fire       13%        N/A       14%         3
 Volatile Blastmotes      Fire/Tloc      26%        2d12      14%         3
 Lesser Beckoning         Tloc           8%         N/A       17%         2
 Hailstorm                Conj/Ice       9%         3d4       21%         3
 Confusing Touch          Hex            4%         N/A       32%         3
 Frozen Ramparts          Ice            8%         1d2       32%         3
 Gell's Gravitas          Tloc           4%         N/A       32%         3
 Sigil of Binding         Hex            4%         N/A       32%         3
 Swiftness                Air            4%         N/A       32%         3
 Teleport Other           Tloc           4%         N/A       32%         3
 Vampiric Draining        Necr           4%         2d6       32%         3
 Airstrike                Air            2%         2d(1-17)  73%         4


Dungeon Overview and Level Annotations

Branches:
Dungeon (3/15)

Altars:


Message History

The orc barely misses you.
Casting: Scorch (safe; 3% risk of failure)
Confirm with . or Enter, or press ? or * to list all spells.
Flames lash the bat.
You kill the bat!
The orc hits you with a +0 hand axe.
* * * LOW HITPOINT WARNING * * *
The orc barely misses you.
Casting: Scorch (safe; 3% risk of failure)
Confirm with . or Enter, or press ? or * to list all spells.
Flames lash the kobold.
You kill the kobold!
The orc hits you with a +0 hand axe.
* * * LOW HITPOINT WARNING * * *
The orc hits you but does no damage.
Casting: Scorch (safe; 3% risk of failure)
Confirm with . or Enter, or press ? or * to list all spells.
Flames lash the orc but do no damage.
The orc hits you with a +0 hand axe.
* * * LOW HITPOINT WARNING * * *
The endoplasm jiggles.
The orc misses you.
Casting: Scorch (safe; 3% risk of failure)
Confirm with . or Enter, or press ? or * to list all spells.
Flames lash the endoplasm.
You kill the endoplasm!
The orc closely misses you. The orc closely misses you.
Casting: Scorch (safe; 3% risk of failure)
Confirm with . or Enter, or press ? or * to list all spells.
Flames lash the orc.
The orc resists.
The orc is lightly wounded.
The orc's fire resistance burns away.
The orc hits you but does no damage. The orc hits you with a +0 hand axe.
* * * LOW HITPOINT WARNING * * *
Casting: Scorch (safe; 3% risk of failure)
Confirm with . or Enter, or press ? or * to list all spells.
Flames lash the orc but do no damage.
The orc is no longer more vulnerable to fire.
The orc hits you with a +0 hand axe.
You die...

##########
#...§.†...
#.###.....
#.........
#####).##.#.#.
#..@o.)# ..
#.###..# #
#[.# ...).
......
##.##.).. ..<
..†. #.# ....


You could see an orc.

Vanquished Creatures
  4 adders
  A worm (D:2)
  A dart slug (D:1)
  3 orcs (D:3)
  8 ball pythons
  6 endoplasms
  A giant cockroach (D:2)
  6 goblins
  6 hobgoblins
  6 kobolds
  2 quokkas
  2 bats
  3 frilled lizards
  6 rats
55 creatures vanquished.

Vanquished Creatures (others)
  148 foxfires
148 creatures vanquished.

Grand Total: 203 creatures vanquished

Notes
Turn   | Place    | Note
-------+----------+-------------------------------------------
     0 | D:1      | Ijustatesigmund the Deep Elf Fire Elementalist began the
                  | quest for the Orb.
     0 | D:1      | Reached XP level 1. HP: 10/10 MP: 6/6
   314 | D:1      | Reached XP level 2. HP: 16/16 MP: 5/8
   646 | D:1      | Learned a level 2 spell: Scorch
  1370 | D:2      | Reached XP level 3. HP: 20/20 MP: 6/9
  1536 | D:2      | Reached skill level 1 in Fighting
  2021 | D:2      | Reached XP level 4. HP: 25/25 MP: 8/11
  2032 | D:2      | Learned a level 4 spell: Flame Wave
  2390 | D:3      | Slain by an orc

Illustrated notes

Levels and vault maps discovered:
D:1:      wheals_arrival_linesprint, layout_loops_ring, minmay_ruptured
D:2:      layout_basic
D:3:      cheibrodos_thug_alley, layout_loops_ring, overflow_temple_1_default,
          mainiacjoe_overflow_alcove_2, lemuel_crystal_altar, serial_glass,
          glass_columns_a, glass_columns_a, glass_columns_b, glass_columns_c,
          glass_columns_b, glass_columns_a, gup_sewer_entry_glass

Skill      XL: |  1  2  3  4 |
---------------+-------------+-----
Fighting       | 1 |  1.5
Conjurations   | 2 |  2.4
Fire Magic     | 4 |  4.1
Spellcasting   | 4 |  4.0
Dodging        | |  2.4
Stealth        | |  2.4

Action                     |  1- 3 |  4- 6 || total
---------------------------+-------+-------++-------
  Melee: Dire flail        |       |     1 ||     1
   Cast: Foxfire           |    67 |    18 ||    85
         Scorch            |     6 |     8 ||    14
    Use: Scroll            |     5 |     2 ||     7
         Potion            |       |     3 ||     3
 Armour: Robe              |     2 |    24 ||    26
  Dodge: Dodged            |     3 |    13 ||    16

Table legend: (Time is in decaauts)
 A = Elapsed time spent in this place.
 B = Non-inter-level travel time spent in this place.
 C = Inter-level travel time spent in this place.
 D = Time resting spent in this place.
 E = Time spent auto-exploring this place.
 F = Levels seen in this place.
 G = Mean time per level.
                   A        B        C        D        E       F      G
               +--------+--------+--------+--------+--------+-----+--------+
         Total |   2388 |   2291 |     97 |    211 |   1730 |   3 |  796.0 |
       Dungeon |   2388 |   2291 |     97 |    211 |   1730 |   3 |  796.0 |
               +--------+--------+--------+--------+--------+-----+--------+

Top non-repeatable levels by time:
     D:1: 1280 daAuts
     D:2: 1038 daAuts
     D:3: 69 daAuts
